 Dungeon Crawl Stone Soup version 0.30.0-19-gbf45117a57 (webtiles) character file.

Game seed: 10026474226987038904

56 qw the Chopper (level 3, -1/23 HPs)
             Began as a Gargoyle Fighter on May 25, 2023.
             Killed from afar by an orc wizard (6 damage)
             ... with a puff of flame
             ... on level 3 of the Dungeon.
             The game lasted 00:00:45 (2097 turns).

qw the Chopper (Gargoyle Fighter)                   Turns: 2097, Time: 00:00:45

Health: -1/23      AC: 13    Str: 21    XL:     3   Next: 95%
Magic:  3/3        EV:  7    Int:  8    God:
Gold:   74         SH:  4    Dex:  9    Spells: 2/2 levels left

rFire   . . .        Y - +1 war axe
rCold   . . .        c - +0 buckler
rNeg    + . .        k - +0 chain mail
rPois   inf          (no helmet)
rElec   +            j - +0 cloak
rCorr   .            (no gloves)
SInv    .            (no boots)
Will    .....        (no amulet) Stlth
                     (no ring)
HPRegen 0.23/turn    (no ring)
MPRegen 0.08/turn

%: no passive effects
@: no status effects
A: sickness immunity, AC +3, negative energy resistance 1, electricity
resistance, torment resistance 1, petrification resistance
a: no special abilities


You were on level 3 of the Dungeon.
You visited 1 branch of the dungeon, and saw 3 of its levels.

You collected 74 gold pieces.


Innate Abilities, Weirdness & Mutations

You are immune to sickness and miasma.
Your stone body is resilient. (AC +3)
You are immune to poison.
You resist negative energy. (rN+)
You are resistant to electric shocks. (rElec)
You are resistant to unholy torment.
You are immune to petrification.


   Skills:
 - Level 3.2 Fighting
 + Level 3.7 Axes
 - Level 3.2 Armour
 - Level 3.2 Shields


You had 2 spell levels left.
You didn't know any spells.
Your spell library was empty.

Inventory:

Hand Weapons
 h - a +0 whip
 Y - a +1 war axe (weapon)
Armour
 c - a +0 buckler (worn)
 j - a +0 cloak (worn)
 k - a +0 chain mail (worn)
Scrolls
 f - 2 scrolls of teleportation
 g - a scroll of identify
Potions
 a - a potion of attraction {unknown}
 d - a potion of might
 i - a potion of lignification {unknown}
 l - a potion of cancellation {unknown}
 m - a potion of invisibility {unknown}

Dungeon Overview and Level Annotations

Branches:
Dungeon (3/15)

Altars:


Message History

Something hits you but does no damage. Something hits you.
You miss something.
You hear some strange, mumbled words.
A magic dart appears from out of thin air!
The magic dart hits you but does no damage.
You miss something. Something hits you.
You hit something. Something hits you but does no damage. Something hits you.
You closely miss something.
You hear some strange, mumbled words.
A magic dart appears from out of thin air!
The magic dart hits you.
You miss something. Something completely misses you.
You closely miss something. Something hits you but does no damage.
You hear some strange, mumbled words.
You are confused.
You're too confused to move!
Something hits you but does no damage.
You miss something. Something completely misses you.
You barely miss something. Something hits you but does no damage.
Something hits you. Something hits you.
You barely miss something. Something hits you but does no damage.
You feel less confused.
You barely miss something. Something hits you.
You miss something. Something hits you but does no damage.
You miss something.
Something hits you but does no damage. x2
You barely miss something.
You hear some strange, mumbled words.
A puff of flame appears from out of thin air!
The puff of flame hits you.
You die...

#.........#####
#...#######
###.# #.# #.#
#.### #...#####
#........
##@..#####
#){.## #......#
.....#...##
....###..# ....
...# #.. ##.##
## #'# ...


There were no monsters in sight!

Vanquished Creatures
  A worm (D:2)
  2 dart slugs
  An orc (D:3)
  5 ball pythons
  3 endoplasms
  A giant cockroach (D:1)
  6 goblins
  2 hobgoblins
  7 jackals
  2 quokkas (D:3)
  A bat (D:3)
  A frilled lizard (D:2)
  9 kobolds
41 creatures vanquished.

Notes
Turn   | Place    | Note
-------+----------+-------------------------------------------
     0 | D:1      | qw the Gargoyle Fighter began the quest for the Orb.
     0 | D:1      | Reached XP level 1. HP: 14/14 MP: 1/1
     0 | D:1      | 0 ||| qw: Version: 0.2-a-98-g5d7165a
     0 | D:1      | 0 ||| qw: Game counter: 74
     0 | D:1      | 0 ||| qw: Always use a shield: true
     0 | D:1      | 0 ||| qw: God list: Okawaru
     0 | D:1      | 0 ||| qw: Allow faded altars: false
     0 | D:1      | 0 ||| qw: Do Orc after D:15 true
     0 | D:1      | 0 ||| qw: Do second Lair branch before Depths: true
     0 | D:1      | 0 ||| qw: Lair rune preference: random
     0 | D:1      | 0 ||| qw: Plans: Normal, Zot:1-4, God:TSO, Crypt, Tomb,
                  | Pan, Slime:5, Hells, Abyss, Win
     0 | D:1      | 0 ||| PLANNING D:1-11
   213 | D:1      | Reached XP level 2. HP: 19/19 MP: 2/2
   549 | D:1      | 549 ||| Stepping ~*~*~tactically~*~*~ (hiding).
   821 | D:1      | 821 ||| UPGRADING to +0 cloak.
   826 | D:1      | 826 ||| UPGRADING to +0 chain mail.
   836 | D:1      | 836 ||| DROPPING +0 scale mail.
   837 | D:1      | 837 ||| READING scroll labelled PASMUI ZICU.
   838 | D:1      | 838 ||| READING 2 scrolls labelled ZOCI METTETE.
   841 | D:1      | 841 ||| READING 3 scrolls labelled OTUEKL ENYNTO.
   842 | D:1      | 842 ||| READING 2 scrolls of identify.
   842 | D:1      | 842 ||| IDENTIFYING metallic inky potion
   843 | D:1      | 843 ||| DROPPING potion of flight.
   896 | D:2      | Reached skill level 3 in Axes
   920 | D:2      | 920 ||| Stepping ~*~*~tactically~*~*~ (stealth).
   993 | D:2      | Reached XP level 3. HP: 23/23 MP: 3/3
  1451 | D:2      | 1451 ||| Stepping ~*~*~tactically~*~*~ (stealth).
  1452 | D:2      | 1452 ||| Stepping ~*~*~tactically~*~*~ (stealth).
  1454 | D:2      | 1454 ||| Stepping ~*~*~tactically~*~*~ (stealth).
  1458 | D:2      | 1458 ||| Stepping ~*~*~tactically~*~*~ (hiding).
  1582 | D:2      | Found a faded altar of an unknown god.
  1660 | D:2      | 1660 ||| Stepping ~*~*~tactically~*~*~ (stealth).
  1807 | D:2      | 1807 ||| Stepping ~*~*~tactically~*~*~ (hiding).
  1809 | D:2      | 1809 ||| Stepping ~*~*~tactically~*~*~ (hiding).
  1851 | D:2      | 1851 ||| READING scroll labelled VAOMASTR QAOD.
  1852 | D:2      | 1852 ||| READING scroll labelled HUIRRO OMNANG.
  2091 | D:3      | HP: 4/23 [something (3)]
  2097 | D:3      | Killed from afar by an orc wizard

Levels and vault maps discovered:
D:1:      lemuel_arrival_funnel, layout_basic, chequers_big_river,
          minmay_hexomino_f4
D:2:      layout_loops_corners, hellmonk_ecumenical_altar_inner_sanctum,
          dreamdust_mushroom_princess
D:3:      minmay_inner_zag, layout_loops_corners

Skill      XL: |  1  2 |
---------------+-------+-----
Axes           | 2 3 |  3.7
Fighting       | |  3.2
Armour         | |  3.2
Shields        | |  3.2

Action                     || total
---------------------------++-------
  Melee: War axe           ||   109
    Use: Scroll            ||     6
 Armour: Scale mail        ||    21
         Chain mail        ||    57
  Dodge: Dodged            ||    34
  Block: Buckler           ||    13

Table legend:
 A = Non-vault XP
 B = Vault XP
 C = Vault XP percentage of total XP
 D = Non-vault monster count
 E = Vault monster count
 F = Vault count percentage of total count
                 A         B        C        D         E       F
            +---------+---------+-------+---------+---------+-------
      Total |      74 |       6 |   7.5 |      38 |       3 |   7.3
            +---------+---------+-------+---------+---------+-------
        D:1 |      22 |       6 |  21.4 |      12 |       3 |  20.0
        D:2 |      38 |       0 |   0.0 |      19 |       0 |   0.0
        D:3 |      14 |       0 |   0.0 |       7 |       0 |   0.0
            +---------+---------+-------+---------+---------+-------
